 Dungeon Crawl Stone Soup version 0.20.0-15-g7f486f2 (webtiles) character file.

398 Inarius the Digger (level 6, 0/36 HPs)
             Began as a Gargoyle Earth Elementalist on June 26, 2017.
             Slain by a gnoll sergeant
             ... wielding a +0 spear
              (2 damage)
             ... on level 3 of the Dungeon.
             The game lasted 00:14:15 (5216 turns).

Inarius the Digger (Gargoyle Earth Elementalist)    Turns: 5216, Time: 00:14:15

Health: 0/36       AC:  7    Str: 12    XL:     6   Next: 83%
Magic:  2/11       EV: 12    Int: 17    God:
Gold:   91         SH:  0    Dex: 10    Spells: 7/11 levels left

rFire    . . .     SeeInvis .   i - +0 short sword
rCold    + . .     Gourm    .   (no shield)
rNeg     + + .     Faith    .   r - +0 leather armour
rPois    ∞         Spirit   .   (no helmet)
rElec    +         Reflect  .   (no cloak)
rCorr    .         Harm     .   (no gloves)
MR       .....                  (no boots)
Stlth    ++........             (no amulet)
Regen    0.2/turn               q - ring of protection from cold
MPRegen  0.2/turn               c - ring of positive energy

@: very slightly contaminated
A: negative energy resistance 1, electricity resistance, unbreathing,
petrification resistance, rot immunity, AC +4
a: no special abilities


You were on level 3 of the Dungeon.
You were hungry.

You visited 1 branch of the dungeon, and saw 3 of its levels.

You collected 91 gold pieces.

Inventory:

Hand Weapons
 i - a +0 short sword (weapon)
Armour
 r - a +0 leather armour (worn)
Jewellery
 c - a ring of positive energy (right hand)
 q - a ring of protection from cold (left hand)
Wands
 k - a wand of flame (28/48)
Scrolls
 f - 3 scrolls of amnesia
 g - a scroll of identify
 p - a scroll of immolation
 t - a scroll of fear {unknown}
Potions
 a - 3 potions of flight
 h - 2 potions of heal wounds {unknown}
 j - a potion of berserk rage
 l - 2 potions of agility
Books
 e - a book of Geomancy

   Spells                             Type                      Level
   a - Sandblast                      Earth                        1
   b - Passwall                       Transmutation/Earth          2
   c - Stone Arrow                    Conjuration/Earth            3
   d - Petrify                        Transmutation/Earth          4
   e - Lee's Rapid Deconstruction     Earth                        5
 n - a book of Changes

   Spells                             Type                      Level
   a - Beastly Appendage              Transmutation                1
   b - Sticks to Snakes               Transmutation                2
   c - Spider Form                    Transmutation/Poison         3
   d - Ice Form                       Ice/Transmutation            4
   e - Blade Hands                    Transmutation                5
Comestibles
 d - a bread ration
 m - a meat ration


   Skills:
 + Level 2.4 Fighting
 - Level 2.3 Armour
 - Level 3.0 Dodging
 - Level 2.1 Stealth
 + Level 3.4 Spellcasting
 + Level 1.0 Conjurations
   Level 0.7 Transmutations
 + Level 4.9 Earth Magic
 * Level 1.3 Evocations


You had 7 spell levels left.
You knew the following spells:

 Your Spells              Type           Power        Failure   Level  Hunger
a - Sandblast             Erth           ###...       2%          1    None
b - Stone Arrow           Conj/Erth      ##....       19%         3    ###....


Dungeon Overview and Level Annotations

Branches:
Dungeon (3/15)

Altars:
Fedhas


Innate Abilities, Weirdness & Mutations

You are resistant to torment.
Your stone body is resilient. (AC +4)
You are immune to poison.
You resist negative energy. (rN+)
You are resistant to electric shocks. (rElec)
You can survive without breathing.
You are immune to petrification.
You are immune to rotting.


Message History

The gnoll sergeant hits you with a spear.
You hit the gnoll sergeant but do no damage.
The gnoll sergeant is almost dead.
The gnoll sergeant hits you with a spear!
You hit the gnoll sergeant but do no damage.
The gnoll sergeant is almost dead.
The gnoll sergeant hits you with a spear!
* * * LOW HITPOINT WARNING * * *
Casting: Sandblast
Confirm with . or Enter, or press ? or * to list all spells.
Aiming: Sandblast
Press: ? - help, Shift-Dir - straight line, f/p - gnoll sergeant
Aim: a gnoll sergeant, wielding a spear and wearing a scale mail (almost dead)
You don't have any stones to cast with.
You hit the gnoll sergeant but do no damage.
The gnoll sergeant is almost dead.
The gnoll sergeant hits you with a spear.
* * * LOW HITPOINT WARNING * * *
The gnoll sergeant hits you from afar with a spear.
You die...

##############################
#............@.g.P............
#....P.....)..)....P..........
#....≈≈≈≈≈≈≈≈≈≈≈≈≈≈≈≈≈≈≈≈)≈≈≈≈
#....≈≈≈≈≈≈≈≈≈≈≈≈≈≈≈≈≈≈≈≈≈≈≈≈≈
#....≈≈#####≈≈≈≈≈≈≈≈≈≈≈≈≈≈≈≈≈≈
#....≈≈#...#..................
#...P≈≈#...###################
#....≈≈###'# ... #..).≈≈≈.#.#
###


You could see a gnoll sergeant.

Vanquished Creatures
  22 gnolls
  11 adders
  A worm (D:2)
  A dart slug (D:3)
  2 leopard geckos (D:1)
  7 giant cockroaches
  5 goblins
  8 hobgoblins
  14 jackals
  A quokka (D:3)
  4 bats
  6 frilled lizards
  5 kobolds
  6 rats
93 creatures vanquished.

Notes
Turn   | Place    | Note
-------+----------+-------------------------------------------
     0 | D:1      | Inarius the Gargoyle Earth Elementalist began the quest for the Orb.
     0 | D:1      | Reached XP level 1. HP: 10/10 MP: 3/3
   339 | D:1      | Reached XP level 2. HP: 1/16 MP: 0/5
  1439 | D:2      | Reached XP level 3. HP: 9/20 MP: 4/6
  1444 | D:2      | Learned a level 3 spell: Stone Arrow
  1807 | D:2      | Reached skill level 1 in Fighting
  1975 | D:2      | Reached skill level 1 in Armour
  1975 | D:2      | Reached skill level 4 in Earth Magic
  1975 | D:2      | Reached XP level 4. HP: 25/25 MP: 6/8
  2752 | D:2      | Reached XP level 5. HP: 21/30 MP: 9/9
  3351 | D:3      | Found a blossoming altar of Fedhas.
  3977 | D:3      | Reached XP level 6. HP: 32/35 MP: 0/10
  4605 | D:3      | Reached skill level 1 in Conjurations
  4728 | D:3      | Reached skill level 1 in Evocations
  5216 | D:3      | Slain by a gnoll sergeant

Skill      XL: |  1  2  3  4  5  6 |
---------------+-------------------+-----
Dodging        | 2 3 |  3.0
Fighting       | 1 2 |  2.4
Armour         | 1 2 |  2.3
Earth Magic    | 4 |  4.9
Spellcasting   | 3 |  3.4
Conjurations   | 1 |  1.0
Evocations     | 1 |  1.3
Stealth        | |  2.1
Transmutations | |  0.7

Action                   |  1- 3 |  4- 6 || total
-------------------------+-------+-------++-------
Melee: Unarmed           |    25 |       ||    25
       Short sword       |    70 |   300 ||   370
       Club              |    10 |       ||    10
 Cast: Sandblast         |    18 |    13 ||    31
       Stone Arrow       |       |    42 ||    42
  Use: Scroll            |       |    10 ||    10
 Stab: Sleeping          |     2 |       ||     2
  Eat: Chunk             |     4 |    11 ||    15
       Bread ration      |       |     1 ||     1
Armor: Robe              |    44 |     2 ||    46
       Leather armour    |       |   181 ||   181
Dodge: Dodged            |    74 |   345 ||   419
